 Dungeon Crawl Stone Soup version 0.29-a0-337-g68df138881 (console) character file.

Game seed: 12936826741628113166

217 jejorda2 the Slasher (level 5, 0/64 HPs)
             Began as a Merfolk Berserker on Apr 16, 2022.
             Was a Believer of Trog.
             Frozen to death by an endoplasm (4 damage)
             ... on level 3 of the Dungeon.
             The game lasted 00:04:22 (1967 turns).

jejorda2 the Slasher (Merfolk Berserker)            Turns: 1967, Time: 00:04:22

Health: 0/64       AC:  6    Str: 17    XL:     5   Next: 94%
Magic:  5/5        EV: 11    Int:  6    God:    Trog [**....]
Gold:   128        SH:  0    Dex: 16    Spells: 4/4 levels left

rFire   . . .      SeeInvis .   a - +1 falchion (drain)
rCold   . . .      Faith    .   (no shield)
rNeg    . . .      Spirit   .   c - +0 ring mail
rPois   .          Reflect  .   f - +0 helmet
rElec   .          Harm     .   (no cloak)
rCorr   .          Rampage  .   (no gloves)
Will    .....                   (no boots)
Stlth   ..........              d - amulet of the acrobat
HPRegen 0.20/turn               (no ring)
MPRegen 0.09/turn               (no ring)

@: berserking (expiring), lethally poisoned (0 -> -3), very quick
A: (nimble swimmer 2), mertail
a: Renounce Religion, Berserk, Trog's Hand


You were on level 3 of the Dungeon.
You worshipped Trog.
Trog was pleased with you.
You visited 1 branch of the dungeon, and saw 3 of its levels.

You collected 128 gold pieces.

Inventory:

Hand Weapons
 a - a +1 falchion of draining (weapon)
 l - a +0 dagger
Missiles
 b - 76 stones (quivered)
Armour
 c - a +0 ring mail (worn)
 f - a +0 helmet (worn)
Jewellery
 d - an amulet of the acrobat (around neck)
Scrolls
 i - a scroll of teleportation {unknown}
 o - a scroll of identify {unknown}
 p - a scroll of enchant weapon {unknown}
 q - a scroll of holy word {unknown}
Potions
 e - a potion of ambrosia {unknown}
 g - 3 potions of haste {unknown}
 h - a potion of might {unknown}
 j - 2 potions of curing {unknown}
 k - 3 potions of mutation {unknown}
 m - 3 potions of invisibility {unknown}
 n - 4 potions of brilliance {unknown}


   Skills:
 + Level 4.4 Fighting
 * Level 6.0 Long Blades
 + Level 2.4 Armour
 - Level 2.6 Dodging


You had 4 spell levels left.
You didn't know any spells.
Your spell library was empty.

Dungeon Overview and Level Annotations

Branches:
Dungeon (3/15)

Altars:


Innate Abilities, Weirdness & Mutations

((You are very nimble when in or above water. (Stealth+, EV+, Speed+++)))
Your lower body shifts to a powerful aquatic tail in water.


Message History

You feel very sick.
The water moccasin bites you but does no damage.
You slash the water moccasin! You drain the water moccasin.
The water moccasin is almost dead.
You feel sick.
The water moccasin bites you but does no damage.
You barely miss the water moccasin.
The water moccasin is almost dead.
You feel sick.
The water moccasin bites you but does no damage.
You slash the water moccasin!
You kill the water moccasin!
Trog accepts your kill.
You feel sick.
Your Long Blades skill increases to level 6!
You have reached level 5!
You feel agile.
You feel sick. The worm bites you.
You slash the worm!
The worm is heavily wounded.
You feel sick.
You slash the worm!
The worm is almost dead.
You feel sick. The worm bites you!
* * * LOW HITPOINT WARNING * * *
You slash the worm!
You kill the worm!
Trog accepts your kill.
You feel sick.
You feel sick. The goblin completely misses you. The endoplasm freezes you.
You are frozen.
* * * LOW HITPOINT WARNING * * *
You see here a worm corpse.
You barely miss the goblin.
* * * LOW HITPOINT WARNING * * *
You feel sick. The goblin hits you but does no damage.
The endoplasm freezes you.
You are frozen.
You die...

..# ...# .. ... ...
. #^. .... ... #.#
#....
.....#######.##.....
.........@g#........
#.#...####J.........
.......#####.....##
.... .......<.....#
... .............#
.. .?...........# .
.....#...g.....
.#####.........
#....)....


You could see an endoplasm and a goblin.

Vanquished Creatures
  A water moccasin (D:3)
  Jessica (D:2)
  Robin (D:2)
  An adder (D:2)
  A gnoll (D:1)
  A worm (D:3)
  A dart slug (D:1)
  4 ball pythons
  3 endoplasms
  10 giant cockroaches (D:2)
  9 goblins
  5 hobgoblins
  4 jackals (D:1)
  A quokka (D:2)
  A bat (D:1)
  3 frilled lizards (D:1)
  2 rats
49 creatures vanquished.

Notes
Turn   | Place    | Note
-------+----------+-------------------------------------------
     0 | D:1      | jejorda2 the Merfolk Berserker began the quest for the Orb.
     0 | D:1      | Reached XP level 1. HP: 18/18 MP: 1/1
   201 | D:1      | You fall into a shaft and drop 1 floor!
   201 | D:2      | Noticed Jessica
   253 | D:1      | Reached skill level 4 in Long Blades
   253 | D:1      | Reached XP level 2. HP: 24/24 MP: 2/2
   695 | D:1      | Found a faded altar of an unknown god.
   758 | D:1      | Reached XP level 3. HP: 29/29 MP: 3/3
  1071 | D:2      | Killed Jessica
  1072 | D:2      | Reached XP level 4. HP: 28/37 MP: 4/4
  1348 | D:2      | Identified the +5 war axe of Propriety {elec, rPois rF++
                  | Stlth+}
  1460 | D:2      | Reached skill level 5 in Long Blades
  1571 | D:2      | Noticed Robin
  1582 | D:2      | Killed Robin
  1586 | D:2      | Reached ** piety under Trog
  1945 | D:3      | Noticed a water moccasin
  1961 | D:3      | Killed a water moccasin
  1962 | D:3      | Reached skill level 6 in Long Blades
  1962 | D:3      | Reached XP level 5. HP: 24/43 MP: 5/5
  1967 | D:3      | Frozen to death by an endoplasm

Illustrated notes

Levels and vault maps discovered:
D:1:      heliophobic_arrival_henge, layout_loops_corners,
          chequers_ecumenical_altar_grove
D:2:      minmay_roachtagon, layout_rooms, kennysheep_generic_room_6,
          uniq_jessica, uniq_robin
D:3:      layout_rooms, nicolae_wu_jian_immortal_techniques,
          gup_sewer_entry_bowl, uniq_natasha

Skill      XL: |  1  2  3  4 |
---------------+-------------+-----
Long Blades    | 4 6 |  6.0
Armour         | 2 |  2.4
Fighting       | 4 |  4.4
Dodging        | |  2.6

Action                   |  1- 3 |  4- 6 || total
-------------------------+-------+-------++-------
Melee: Falchion          |    64 |   104 ||   168
       Punch             |     2 |     1 ||     3
Throw: Stone             |     2 |     2 ||     4
Invok: Berserk           |     1 |     2 ||     3
Armor: Ring mail         |    23 |    42 ||    65
Dodge: Dodged            |    40 |    81 ||   121

Table legend: (Time is in decaauts)
 A = Elapsed time spent in this place.
 B = Non-inter-level travel time spent in this place.
 C = Inter-level travel time spent in this place.
 D = Time resting spent in this place.
 E = Time spent auto-exploring this place.
 F = Levels seen in this place.
 G = Mean time per level.
                   A        B        C        D        E       F      G
               +--------+--------+--------+--------+--------+-----+--------+
         Total |   1987 |   1916 |     71 |     82 |   1429 |   3 |  662.3 |
       Dungeon |   1987 |   1916 |     71 |     82 |   1429 |   3 |  662.3 |
               +--------+--------+--------+--------+--------+-----+--------+

Top non-repeatable levels by time:
     D:1: 1015 daAuts
     D:2: 955 daAuts
     D:3: 17 daAuts
